 Dungeon Crawl Stone Soup version 0.32-a0-940-g8c197d95f1 (webtiles) character file.

Game seed: 17537363275070925542

1834 Ijustatesigmund the Conjurer (level 9, -11/65 HPs)
             Began as a Gnoll Conjurer on Apr 16, 2024.
             Mangled by a two-headed ogre
             ... wielding a +0 giant spiked club
              (23 damage)
             ... on level 6 of the Dungeon.
             The game lasted 00:10:31 (5516 turns).

Ijustatesigmund the Conjurer (Gnoll Conjurer)       Turns: 5516, Time: 00:10:32

Health: -11/65     AC:  8    Str:  6    XL:     9   Next: 11%
Magic:  1/27       EV: 13    Int: 22    God:
Gold:   148        SH:  0    Dex: 11    Spells: 14/21 levels left

rFire   . . .        l - +5 short sword of Peag {flame, rC+ rCorr}
rCold   + . .        (no shield)
rNeg    . . .        a - +0 robe {Will+}
rPois   .            (helmet restricted)
rElec   .            d - +0 cloak
rCorr   +            (no gloves)
SInv    .            c - +0 pair of boots
Will    +....        (no amulet)
Stlth   +++          x - +4 ring of protection
HPRegen 0.30/turn    p - ring of magical power
MPRegen 0.20/turn

%: no passive effects
@: no status effects
A: fangs 1, strong nose, distributed training, horns 1, sense surroundings 1,
screaming 1
a: no special abilities


You were on level 6 of the Dungeon.
You visited 1 branch of the dungeon, and saw 6 of its levels.

You collected 181 gold pieces.
You spent 33 gold pieces at shops.

Inventory:

Hand Weapons
 i - a +0 morningstar
 l - the +5 short sword of Peag (weapon) {flame, rC+ rCorr}
   (You found it on level 2 of the Dungeon)

   rC+:       It protects you from cold.
   rCorr:     It protects you from acid and corrosion.
 o - the +1 falchion "Sugg" {drain, rF++ Str+5 Int-5}
   (You found it on level 2 of the Dungeon)

   Str+5:     It affects your strength (+5).
   Int-5:     It affects your intelligence (-5).
   rF++:      It greatly protects you from fire.
Armour
 a - a +0 robe of willpower (worn)
 c - a +0 pair of boots (worn)
 d - a +0 cloak (worn)
Jewellery
 p - a ring of magical power (right hand)
 q - a ring of poison resistance
 x - a +4 ring of protection (left hand)
Wands
 v - a wand of flame (19)
Scrolls
 e - 4 scrolls of teleportation
 g - a scroll of noise
 h - 2 scrolls of identify
 j - a scroll of blinking
 k - a scroll of enchant armour {unknown}
 s - a scroll of poison {unknown}
 u - a scroll of fog {unknown}
 w - a scroll of vulnerability {unknown}
 y - a scroll of fear {unknown}
Potions
 b - 4 potions of magic
 f - a potion of heal wounds
 m - a potion of berserk rage
 n - a potion of resistance
 r - a potion of might
 t - 3 potions of curing


   Skills:
 + Level 4.0 Fighting
 + Level 4.0 Short Blades
 + Level 4.0 Long Blades
 + Level 4.0 Axes
 + Level 4.0 Maces & Flails
 + Level 4.0 Polearms
 + Level 4.0 Staves
 + Level 4.0 Ranged Weapons
 + Level 4.0 Throwing
 + Level 4.0 Armour
 + Level 6.2 Dodging
 + Level 5.9 Stealth
 + Level 4.0 Shields
 + Level 4.0 Unarmed Combat
 + Level 6.5 Spellcasting
 + Level 7.9 Conjurations
 + Level 3.3 Hexes
 + Level 3.3 Summonings
 + Level 3.3 Necromancy
 + Level 3.3 Translocations
 + Level 3.3 Fire Magic
 + Level 3.3 Ice Magic
 + Level 3.3 Air Magic
 + Level 3.3 Earth Magic
 + Level 3.3 Alchemy
 + Level 4.5 Invocations
 + Level 4.0 Evocations
 + Level 3.7 Shapeshifting


You had 14 spell levels left.
You knew the following spells:

 Your Spells              Type           Power      Damage    Failure   Level
a - Magic Dart            Conj           100%       1d8       1%          1
b - Searing Ray           Conj           84%        2d7       1%          2
c - Iskenderun's Mystic Conj/Tloc 32%            2d8        (+2d4     9%          4

Your spell library contained the following spells:

 Spells                   Type           Power      Damage    Failure   Level
 Volatile Blastmotes      Fire/Tloc      42%        2d13      7%          3
 Fulminant Prism          Conj/Alch      16%        3d10      9%          4


Dungeon Overview and Level Annotations

Branches:
Dungeon (6/15)
 Temple: D:4-7

Altars:
Sif Muna

Shops:
D:5 [!=(


Innate Abilities, Weirdness & Mutations

You have very sharp teeth.
Your uncanny sense of smell can sniff out nearby items.
Your experience applies equally to all skills.
You have a pair of small horns on your head.
You passively map a small area around you.
You occasionally shout uncontrollably at your foes.


Message History

Press: ? - help, Shift-Dir - straight line, f - two-headed ogre
Aim: a two-headed ogre, wielding a +0 giant spiked club and a +0 giant club (100% to hit)
The magic dart hits the two-headed ogre.
The two-headed ogre is lightly wounded.
Casting: Magic Dart (safe; 1% risk of failure)
Confirm with . or Enter, or press ? or * to list all spells.
Aiming: Searing Ray (safe; 1% risk of failure)
Press: ? - help, Shift-Dir - straight line, f/p - two-headed ogre
Aim: a two-headed ogre, wielding a +0 giant spiked club and a +0 giant club (lightly wounded, 91% to hit)
The searing ray hits the two-headed ogre!
The two-headed ogre is lightly wounded. (Press . to maintain the ray.)
The searing ray misses the two-headed ogre.
The searing ray hits the two-headed ogre.
The two-headed ogre is moderately wounded.
The searing ray hits the two-headed ogre.
The two-headed ogre is moderately wounded.
You finish channelling your searing ray.
The two-headed ogre hits you with a +0 giant spiked club!
The two-headed ogre hits you with a +0 giant club!
Casting: Searing Ray (safe; 1% risk of failure)
Confirm with . or Enter, or press ? or * to list all spells.
You erupt in a blast of force!
The mystic blast hits the two-headed ogre!
The two-headed ogre is heavily wounded.
The two-headed ogre is knocked back by the mystic blast.
Casting: Iskenderun's Mystic Blast (dangerous; 9% risk of failure)
Confirm with . or Enter, or press ? or * to list all spells.
You erupt in a blast of force!
The mystic blast hits the two-headed ogre but does no damage.
The two-headed ogre is heavily wounded.
Casting: Iskenderun's Mystic Blast (dangerous; 9% risk of failure)
Confirm with . or Enter, or press ? or * to list all spells.
You erupt in a blast of force!
The mystic blast hits the two-headed ogre!
The two-headed ogre is heavily wounded.
The two-headed ogre hits you with a +0 giant spiked club!
* * * LOW HITPOINT WARNING * * *
The two-headed ogre hits you with a +0 giant club!!
You die...

...#...# ..........#
...#.#.#########.#.#
...#.........###.#.#
...#...........#.#.#
...#.#.#..##.#.#.#.#
...#.........#.#.#.#
...####..#####.#.#.#
'#.............#O#.#
.#############.#@#.#
.................#.#
.####..............#
.# #.##############
.# #.# .# #.# .# #.#
.# #.# .# #.#


You could see a two-headed ogre.

Vanquished Creatures
  Sigmund (D:2)
  A wraith (D:6)
  A steam dragon (D:6)
  3 black bears
  2 ogres
  A centaur (D:5)
  3 phantoms
  A scorpion (D:5)
  A howler monkey (D:2)
  2 hounds (D:4)
  3 orc priests
  A jelly (D:5)
  A gnoll bouda (D:4)
  Jessica (D:3)
  Terence (D:2)
  2 iguanas
  7 gnolls (D:4)
  6 adders
  A dart slug (D:2)
  3 ribbon worms
  23 orcs
  2 ball pythons
  8 bats
  10 endoplasms
  4 giant cockroaches
  4 goblins
  7 hobgoblins
  3 jackals (D:1)
  6 kobolds
  5 quokkas
  A frilled lizard (D:3)
  A rat (D:2)
116 creatures vanquished.

Notes
Turn   | Place    | Note
-------+----------+-------------------------------------------
     0 | D:1      | Ijustatesigmund the Gnoll Conjurer began the quest for the
                  | Orb.
     0 | D:1      | Reached XP level 1. HP: 13/13 MP: 6/6
   229 | D:1      | Reached XP level 2. HP: 19/19 MP: 4/7
   232 | D:1      | Learned a level 2 spell: Searing Ray
   613 | D:1      | Reached skill level 5 in Spellcasting
   613 | D:1      | Reached XP level 3. HP: 25/25 MP: 4/9
  1035 | D:2      | Noticed Terence
  1036 | D:2      | Reached skill level 1 in Invocations
  1038 | D:2      | Noticed Sigmund
  1042 | D:2      | Identified the +5 short sword of Peag {flame, rC+ rCorr}
  1078 | D:2      | Reached skill level 1 in Fighting
  1078 | D:2      | Reached skill level 1 in Short Blades
  1078 | D:2      | Reached skill level 1 in Long Blades
  1078 | D:2      | Reached skill level 1 in Axes
  1078 | D:2      | Reached skill level 1 in Maces & Flails
  1078 | D:2      | Reached skill level 1 in Polearms
  1078 | D:2      | Reached skill level 1 in Staves
  1078 | D:2      | Reached skill level 1 in Ranged Weapons
  1078 | D:2      | Reached skill level 1 in Throwing
  1078 | D:2      | Reached skill level 1 in Armour
  1078 | D:2      | Reached skill level 1 in Shields
  1078 | D:2      | Reached skill level 1 in Unarmed Combat
  1078 | D:2      | Reached skill level 1 in Hexes
  1078 | D:2      | Reached skill level 1 in Summonings
  1078 | D:2      | Reached skill level 1 in Necromancy
  1078 | D:2      | Reached skill level 1 in Translocations
  1078 | D:2      | Reached skill level 1 in Fire Magic
  1078 | D:2      | Reached skill level 1 in Ice Magic
  1078 | D:2      | Reached skill level 1 in Air Magic
  1078 | D:2      | Reached skill level 1 in Earth Magic
  1078 | D:2      | Reached skill level 1 in Alchemy
  1078 | D:2      | Reached skill level 1 in Evocations
  1078 | D:2      | Reached skill level 1 in Shapeshifting
  1078 | D:2      | Reached XP level 4. HP: 14/32 MP: 2/11
  1229 | D:2      | Killed Sigmund
  1230 | D:2      | Reached XP level 5. HP: 27/38 MP: 3/12
  1230 | D:2      | Reached XP level 6. HP: 31/44 MP: 3/14
  1330 | D:2      | Learned a level 4 spell: Iskenderun's Mystic Blast
  1399 | D:2      | Killed Terence
  1400 | D:2      | Reached skill level 5 in Dodging
  1414 | D:2      | Identified the +1 falchion "Sugg" {drain, rF++ Str+5 Int-5}
  1779 | D:2      | Found a faded altar of an unknown god.
  2331 | D:3      | Noticed Jessica
  2337 | D:3      | Killed Jessica
  2810 | D:3      | Gained mutation: Armour fits poorly on your strangely
                  | shaped body. [potion of mutation]
  2811 | D:3      | Lost mutation: Armour fits poorly on your strangely shaped
                  | body. [potion of mutation]
  2811 | D:3      | Gained mutation: You have a pair of small horns on your
                  | head. [potion of mutation]
  2811 | D:3      | Gained mutation: You occasionally shout uncontrollably at
                  | your foes. [potion of mutation]
  2811 | D:3      | Gained mutation: You passively map a small area around you.
                  | [potion of mutation]
  3000 | D:4      | Reached XP level 7. HP: 40/51 MP: 9/15
  3424 | D:4      | Reached skill level 5 in Stealth
  4123 | D:4      | Reached XP level 8. HP: 58/58 MP: 16/16
  4137 | D:5      | Entered Level 5 of the Dungeon
  4504 | D:5      | Found a shimmering blue altar of Sif Muna.
  4550 | D:5      | Found Hant's Distillery.
  4771 | D:5      | Bought a potion of curing for 33 gold pieces
  4834 | D:5      | Noticed an animated shadow dragon scales
  4836 | D:5      | Found Bikoaria's Armour Boutique.
  4838 | D:5      | Noticed an animated shadow dragon scales
  4982 | D:5      | Found Rukk's Jewellery Boutique.
  4989 | D:5      | Found Rujeyhug's Weapon Shop.
  5428 | D:6      | Noticed a wraith
  5444 | D:6      | Reached XP level 9. HP: 32/65 MP: 10/18
  5491 | D:6      | Noticed a two-headed ogre
  5516 | D:6      | Mangled by a two-headed ogre

Illustrated notes

Levels and vault maps discovered:
D:1:      minmay_arrival_pointy, layout_basic
D:2:      layout_basic, shapermc_ecumenical_altar_hornbeckon,
          small_statue_intersection, uniq_terence, uniq_sigmund
D:3:      layout_loops_cross, uniq_jessica
D:4:      layout_loops_cross
D:5:      layout_cave_pools, mainiacjoe_overflow_cross_hatched, serial_shops,
          nicolae_shop_mannequins, shop, shop, shop, kennysheep_doodads,
          dreamdust_princess_bridge, serial_library_hellmonk_angled_corner
D:6:      nicolae_cairo_tiling_large, layout_basic,
          mainiacjoe_overflow_alcove_1, tso_oasis_becter, minmay_manual_mail

Skill      XL: |  1  2  3  4  5  6  7  8  9 |
---------------+----------------------------+-----
Spellcasting   | 5 6 |  6.5
Invocations    | 1 2 3 4 |  4.5
Fighting       | 1 2 3 4 |  4.0
Short Blades   | 1 2 3 4 |  4.0
Long Blades    | 1 2 3 4 |  4.0
Axes           | 1 2 3 4 |  4.0
Maces & Flails | 1 2 3 4 |  4.0
Polearms       | 1 2 3 4 |  4.0
Staves         | 1 2 3 4 |  4.0
Ranged Weapons | 1 2 3 4 |  4.0
Throwing       | 1 2 3 4 |  4.0
Armour         | 1 2 3 4 |  4.0
Shields        | 1 2 3 4 |  4.0
Unarmed Combat | 1 2 3 4 |  4.0
Hexes          | 1 2 3 |  3.3
Summonings     | 1 2 3 |  3.3
Necromancy     | 1 2 3 |  3.3
Translocations | 1 2 3 |  3.3
Fire Magic     | 1 2 3 |  3.3
Ice Magic      | 1 2 3 |  3.3
Air Magic      | 1 2 3 |  3.3
Earth Magic    | 1 2 3 |  3.3
Alchemy        | 1 2 3 |  3.3
Evocations     | 1 2 3 4 |  4.0
Shapeshifting  | 1 2 3 |  3.7
Dodging        | 5 6 |  6.2
Stealth        | 5 |  5.9
Conjurations   | |  7.9

Action                     |  1- 3 |  4- 6 |  7- 9 || total
---------------------------+-------+-------+-------++-------
  Melee: Short sword       |    18 |    51 |    41 ||   110
         Bite              |     2 |     4 |     4 ||    10
         Headbutt          |       |       |     6 ||     6
   Cast: Magic Dart        |    54 |    21 |   127 ||   202
         Searing Ray       |       |     6 |    13 ||    19
         Iskenderun's Myst |       |       |     8 ||     8
    Use: Scroll            |       |     6 |     2 ||     8
         Potion            |       |     2 |       ||     2
   Stab: Sleeping          |       |     5 |     1 ||     6
         Distracted        |       |     1 |       ||     1
 Armour: Robe              |    21 |    38 |    56 ||   115
  Dodge: Dodged            |    14 |    36 |    49 ||    99

Table legend: (Time is in decaauts)
 A = Elapsed time spent in this place.
 B = Non-inter-level travel time spent in this place.
 C = Inter-level travel time spent in this place.
 D = Time resting spent in this place.
 E = Time spent auto-exploring this place.
 F = Levels seen in this place.
 G = Mean time per level.
                   A        B        C        D        E       F      G
               +--------+--------+--------+--------+--------+-----+--------+
         Total |   5517 |   5426 |     91 |   1050 |   3554 |   6 |  919.5 |
       Dungeon |   5517 |   5426 |     91 |   1050 |   3554 |   6 |  919.5 |
               +--------+--------+--------+--------+--------+-----+--------+

Top non-repeatable levels by time:
     D:4: 1399 daAuts
     D:3: 1054 daAuts
     D:5: 1016 daAuts
     D:1: 984 daAuts
     D:2: 837 daAuts
     D:6: 224 daAuts
